Map: [ESL] Goldenaura

Players

SHIN - Winner!

  • Race: Zerg Zerg
  • Spawn Location: 12:00

Spirit

  • Race: Terran Terran
  • Spawn Location: 5:00

Event: ESL SC2 Masters 2023 Winter (Finals)

VOD

Have the link to the VOD?

Description

Time

  • Played on: Dec. 16, 2023, 9:56 a.m.
  • Length: 13:00

All games in this series

Show
View Real Time Build Order
Export as new Build Order

SHIN Zerg - Winner!

Build Orders: Hatch First 

Get SALT Encoding   

  12  0:00  Drone  
  13  0:08  Drone  
  14  0:14  Extractor  
  14  0:15  Drone  
  15  0:37  Hatchery  
  15  0:42  Extractor, Drone  
  14  0:49  Overlord  
  15  1:03  Spawning Pool  
  14  1:07  Drone  
  14  1:11  Drone  
  16  1:14  Drone  
  17  1:19  Drone  
  18  1:29  Drone  
  19  1:49  Queen x2  
  19  1:50  Drone x2  
  19  1:52  Drone  
  26  2:00  Overlord  
  27  2:01  Drone  
  27  2:15  Hatchery  
  26  2:18  Drone  
  26  2:20  Drone  
  29  2:22  Drone  
  29  2:25  Extractor  
  29  2:28  Drone  
  29  2:32  Queen  
  31  2:37  Overlord  
  31  2:41  Drone  
  31  2:44  Drone  
  33  2:45  Drone  
  34  2:57  Drone x5  
  39  3:00  Drone x2  
  39  3:03  Drone  
  42  3:08  Overlord  
  42  3:13  Queen  
  44  3:24  Overlord  
  44  3:25  Metabolic Boost  
  44  3:26  Drone x2  
  46  3:27  Drone  
  46  3:28  Drone  
  46  3:32  Queen  
  46  3:34  Drone  
  51  3:38  Queen  
  51  3:41  Overlord  
  53  3:43  Drone  
  53  3:44  Drone  
  55  3:49  Drone x3  
  55  3:53  Queen  
  60  4:01  Zergling x10  
  60  4:02  Zergling x2  
  66  4:04  Drone x2  
  66  4:05  Drone  
  66  4:07  Drone  
  70  4:10  Queen  
  70  4:13  Drone  
  70  4:15  Drone  
  74  4:18  Overlord  
  74  4:21  Overlord  
  74  4:22  Overlord  
  74  4:25  Extractor  
  74  4:28  Drone  
  74  4:31  Overlord  
  74  4:34  Overlord x3  
  74  4:38  Drone x2  
  76  4:41  Drone x3  
  76  4:43  Drone, Evolution Chamber x2  
  78  4:46  Drone  
  78  4:47  Spore Crawler  
  78  4:48  Spore Crawler x2  
  78  4:49  Drone  
  78  4:52  Queen  
  77  4:54  Drone  
  77  4:57  Drone x2  
  82  5:01  Extractor  
  82  5:03  Drone x3  
  82  5:05  Lair  
  82  5:06  Drone  
  82  5:07  Drone  
  86  5:11  Zergling x8  
  90  5:15  Zerg Melee Weapons Level 1  
  90  5:17  Zerg Ground Armor Level 1  
  90  5:26  Extractor  
  90  5:27  Baneling Nest  
  88  5:28  Drone  
  88  5:29  Drone x2  
  88  5:31  Drone x2  
  88  5:32  Hatchery  
  92  5:35  Drone  
  92  5:36  Drone x3  
  92  5:38  Zergling x4  
  92  5:41  Zergling x4  
  100  5:46  Zergling x4  
  102  5:51  Zergling x2, Extractor, Drone  
  102  5:52  Zergling x4  
  102  5:54  Overlord  
  106  5:57  Zergling x8  
  109  6:06  Zergling x12  
  109  6:11  Hatchery  
  114  6:13  Overseer  
  114  6:16  Drone  
  114  6:18  Overlord, Centrifugal Hooks  
  115  6:20  Zergling x8  
  119  6:28  Zergling x2  
  119  6:29  Zergling x6  
  123  6:35  Drone x4, Infestation Pit  
  123  6:39  Drone, Baneling x14  
  127  6:43  Zergling x4  
  128  6:48  Drone x3  
  128  6:50  Overlord  
  128  6:54  Drone x2  
  133  6:56  Zergling x10  
  133  6:59  Spore Crawler  
  133  7:00  Baneling x16  
  137  7:04  Zergling x8  
  141  7:09  Overlord  
  141  7:12  Zerg Melee Weapons Level 2  
  141  7:15  Zergling x4  
  143  7:17  Overlord  
  143  7:19  Zerg Ground Armor Level 2  
  143  7:21  Extractor  
  143  7:22  Drone x3  
  145  7:23  Baneling x2, Overlord  
  145  7:25  Zergling x6  
  145  7:29  Zergling x10  
  153  7:31  Overseer  
  153  7:33  Zergling x6  
  153  7:34  Zergling x2  
  157  7:38  Zergling x10  
  150  7:48  Zergling x8  
  150  7:50  Hive  
  150  7:51  Zergling x8  
  142  7:56  Zergling x16  
  142  7:57  Drone  
  142  7:58  Drone  
  151  8:04  Drone  
  151  8:05  Drone x4  
  156  8:09  Baneling x13  
  156  8:10  Zergling x4  
  158  8:14  Overlord  
  158  8:16  Zergling x6  
  160  8:21  Baneling x12  
  160  8:22  Baneling x3  
  160  8:23  Overlord  
  160  8:26  Spore Crawler  
  159  8:29  Pneumatized Carapace  
  159  8:30  Zergling x8  
  162  8:40  Zergling x24  
  172  8:46  Drone x8  
  180  8:48  Extractor  
  180  8:50  Overlord  
  178  8:56  Extractor  
  178  8:59  Zergling x20  
  178  9:02  Overseer  
  187  9:04  Adrenal Glands  
  187  9:07  Ultralisk Cavern  
  185  9:18  Viper x2  
  185  9:21  Zergling x14  
  198  9:27  Hatchery  
  196  9:39  Zergling x8  
  196  9:40  Zerg Ground Armor Level 3, Zerg Melee Weapons Level 3  
  196  9:42  Hatchery  
  198  9:46  Baneling x5  
  198  9:48  Baneling  
  198  9:49  Baneling  
  198  10:00  Chitinous Plating  
  195  10:12  Burrow  
  195  10:17  Hatchery  
  191  10:33  Drone x2  
  191  10:34  Drone  
  190  10:38  Drone x3  
  190  10:41  Spire  
  189  10:47  Zergling x2  
  189  10:48  Zergling x18  
  197  11:01  Baneling x16  
  197  11:04  Hatchery  
  197  11:11  Overlord x2  
  196  11:13  Overlord  
  196  11:15  Overlord  
  195  11:24  Zergling x28  
  195  11:25  Ultralisk x2  
  198  11:26  Ultralisk  
  198  11:27  Zergling x2  
  198  11:28  Ultralisk  
  198  11:29  Zergling x2  
  198  11:30  Ultralisk  
  198  11:31  Ultralisk  
  196  11:33  Zergling x12  
  196  11:34  Zergling x2  
  196  11:36  Zergling x4, Ultralisk  
  196  11:37  Zergling x4  
  196  11:39  Zergling x2  
  194  11:41  Zergling x14  
  194  11:44  Zergling x6  
  194  11:48  Zergling x2  
  190  11:54  Baneling x14  
  190  11:55  Zergling x2, Baneling x2  
  190  11:56  Zergling x16, Spore Crawler  
  190  12:01  Zergling x2  
  194  12:06  Anabolic Synthesis  
  191  12:09  Zergling x8  
  191  12:11  Zergling x2  
  191  12:13  Zergling x6  
  191  12:15  Zergling x2  
  197  12:17  Overseer x2  
  197  12:18  Baneling x6  
  197  12:21  Drone x2  
  199  12:27  Overseer x2  
  199  12:36  Baneling  
  199  12:37  Baneling x12  
  199  12:46  Spore Crawler  
Show
View Real Time Build Order
Export as new Build Order

Spirit Terran 

Build Orders: Command Center First, Hellion Banshee 

Get SALT Encoding   

  12  0:00  SCV  
  13  0:12  SCV  
  14  0:17  Supply Depot  
  14  0:24  SCV  
  15  0:38  SCV  
  16  0:51  SCV  
  17  1:03  SCV  
  18  1:05  Command Center  
  18  1:15  SCV  
  19  1:18  Barracks  
  19  1:27  SCV  
  19  1:28  Refinery  
  20  1:34  Refinery  
  20  1:39  SCV  
  21  1:51  SCV  
  22  2:05  Orbital Command  
  22  2:06  Reaper  
  23  2:16  Orbital Command  
  23  2:25  Factory  
  23  2:29  Supply Depot  
  23  2:30  SCV  
  24  2:39  Barracks Reactor  
  24  2:42  SCV  
  24  2:43  SCV  
  26  2:54  SCV  
  26  2:55  SCV  
  28  2:58  Command Center  
  28  3:07  SCV x2  
  28  3:10  Starport  
  30  3:19  Hellion x2, SCV  
  35  3:22  SCV  
  35  3:24  Supply Depot  
  36  3:27  Barracks Tech Lab  
  36  3:31  SCV  
  37  3:35  SCV  
  37  3:41  Hellion x2  
  42  3:43  SCV  
  42  3:47  SCV  
  44  3:51  Cloaking Field  
  44  3:52  Banshee  
  44  3:55  Barracks Tech Lab, SCV  
  48  3:59  SCV  
  49  4:04  Hellion x2  
  49  4:07  SCV  
  54  4:11  Orbital Command, SCV  
  54  4:15  Stimpack, Marine  
  56  4:19  SCV  
  56  4:23  SCV  
  58  4:30  Barracks  
  58  4:31  Factory Reactor, SCV  
  58  4:33  Orbital Command, Barracks, Refinery  
  58  4:34  Refinery  
  58  4:35  SCV  
  60  4:40  Supply Depot  
  60  4:43  SCV  
  60  4:44  Banshee  
  64  4:46  Supply Depot  
  64  4:47  SCV  
  64  4:49  Marine  
  66  4:55  SCV  
  66  4:58  SCV  
  66  4:59  SCV  
  69  5:01  Engineering Bay  
  69  5:03  Engineering Bay  
  69  5:08  SCV  
  69  5:09  Supply Depot  
  69  5:10  SCV  
  71  5:15  Barracks, SCV  
  71  5:16  Marine  
  71  5:18  Barracks  
  71  5:20  SCV  
  73  5:23  Marine, SCV  
  73  5:24  Marine  
  73  5:27  SCV  
  77  5:32  Terran Infantry Weapons Level 1, Terran Infantry Armor Level 1, SCV  
  77  5:33  Starport Reactor  
  77  5:35  SCV  
  79  5:36  Bunker  
  79  5:38  Siege Tank  
  79  5:39  SCV, Marine x2  
  85  5:45  Supply Depot  
  85  5:46  SCV  
  85  5:47  Supply Depot  
  85  5:48  Marine  
  85  5:49  SCV  
  88  5:52  Marine  
  88  5:54  SCV  
  88  5:57  Combat Shield, Marine  
  90  5:58  Marine x2  
  90  6:03  Barracks Reactor  
  93  6:06  Barracks Reactor, SCV x2, Marine  
  93  6:10  Marine  
  97  6:11  SCV  
  97  6:13  Siege Tank, Medivac  
  97  6:14  Medivac  
  97  6:15  Marine x2  
  97  6:16  Marine  
  108  6:18  SCV  
  108  6:21  Supply Depot  
  108  6:25  Supply Depot  
  109  6:33  Refinery  
  109  6:43  SCV x2, Marine x6  
  109  6:46  Siege Tank, Marine x3  
  123  6:48  Medivac  
  125  6:56  Supply Depot  
  125  6:58  Armory, Supply Depot  
  125  7:08  Supply Depot  
  125  7:09  Supply Depot  
  125  7:17  Medivac, Marine x6  
  125  7:19  Marine x3  
  125  7:20  Siege Tank, SCV  
  140  7:26  Supply Depot  
  140  7:28  Supply Depot  
  140  7:35  Marine x6  
  146  7:37  Marine x3  
  146  7:40  Medivac  
  124  7:53  Terran Infantry Weapons Level 2, Marine x6  
  124  7:54  Siege Tank  
  124  7:55  Marine x3  
  124  7:57  Terran Infantry Armor Level 2  
  127  8:00  Command Center  
  127  8:06  Factory  
  127  8:11  Marine x6  
  133  8:13  Marine x3  
  133  8:15  Terran Vehicle Weapons Level 1  
  134  8:25  SCV x3  
  134  8:26  Siege Tank  
  140  8:29  Marine x6  
  140  8:31  Marine x2  
  147  8:37  SCV x3  
  147  8:40  Marine  
  151  8:46  Marine x2  
  151  8:47  Liberator x2  
  159  8:49  SCV x3  
  159  8:50  Factory Tech Lab  
  159  8:54  Marine  
  163  8:56  Marine  
  163  8:58  Barracks x2, Siege Tank  
  163  8:59  Barracks, Marine  
  163  9:01  SCV x3  
  170  9:13  SCV  
  170  9:16  Siege Tank  
  174  9:21  Command Center  
  174  9:25  SCV  
  174  9:26  Sensor Tower  
  174  9:29  SCV x2  
  174  9:30  Siege Tank  
  180  9:33  Liberator  
  183  9:38  Planetary Fortress  
  180  9:47  Sensor Tower  
  180  9:48  Siege Tank  
  180  9:50  Missile Turret  
  180  9:51  Refinery  
  180  9:52  Barracks Tech Lab x3  
  183  9:54  Refinery  
  183  9:57  Ghost Academy  
  182  10:12  Command Center  
  182  10:14  Terran Infantry Weapons Level 3  
  182  10:18  Refinery  
  182  10:19  Command Center  
  182  10:26  Siege Tank  
  185  10:29  Siege Tank  
  188  10:40  Command Center  
  188  10:41  Viking  
  188  10:42  Viking, Ghost  
  181  10:50  Ghost  
  181  10:56  Ghost  
  185  11:01  Concussive Shells  
  185  11:02  Missile Turret  
  177  11:12  Siege Tank, Sensor Tower  
  177  11:13  Command Center  
  177  11:14  Missile Turret  
  168  11:25  Orbital Command  
  168  11:29  Marauder x2, Marine x10  
  104  11:44  Siege Tank  
  98  11:47  Marine x9  
  98  11:48  Marauder  
  98  11:50  Marine x2  
  98  11:51  SCV  
  98  11:52  SCV  
  99  11:55  Planetary Fortress  
  99  11:58  SCV  
  94  12:03  SCV  
  94  12:04  SCV  
  94  12:05  Marine x9  
  94  12:08  Marine x3  
  103  12:10  SCV  
  107  12:15  SCV  
  107  12:16  Siege Tank  
  107  12:17  SCV  
  107  12:22  Marine, SCV  
  112  12:23  Orbital Command  
  112  12:24  Factory  
  112  12:27  SCV  
  112  12:28  Orbital Command  
  112  12:29  SCV  
  115  12:32  Orbital Command  
  115  12:34  SCV  
  115  12:37  Supply Depot  
  119  12:39  SCV  
  119  12:41  SCV  
  124  12:46  SCV  
Tags
 
Add a new tag
Caveats
  • Supply blocks, unpowered buildings, or Contaminate may cause inaccurate times.
  • Supply counts are checked every 10 seconds.